 Dungeon Sprint DCSS version 0.17-a0-1570-g74b7129 (webtiles) character file.

133 tt080 the Slasher (level 4, 0/69 HPs)
             Began as a Deep Dwarf Berserker on July 23, 2015.
             Was an Elder of Trog.
             Splashed by a jelly's acid (9 damage)
             ... in the Dungeon (Sprint IX: "|||||||||||||||||||||||||||||").
             The game lasted 00:00:36 (39 turns).

tt080 the Slasher (Deep Dwarf Berserker)              Turns: 39, Time: 00:00:36

Health: 0/69       AC: -1    Str: 26    XL:     4   Next: 93%
Magic:  4/4        EV: 14    Int:  7    God:    Trog [****..]
Gold:   0          SH:  0    Dex: 13    Spells: 0 memorised, 3 levels left

rFire  . . .     SeeInvis .     a - +0 falchion
rCold  . . .     Clarity  .     b - +0 animal skin
rNeg   . . .     SustAt   .     (no shield)
rPois  .         Gourm    .     (no helmet)
rElec  .         Spirit   .     (no cloak)
rCorr  .         Warding  .     (no gloves)
rMut   .         NoTele   +     (no boots)
MR     .....                    (no amulet)
Stlth  ..........               (no ring)
                                (no ring)

@: berserking (expiring), corroded equipment, non-regenerating, very quick, not
resistant to hostile enchantments, extremely unstealthy
A: damage resistance, recharge devices, sense surroundings 1, slow healing 3
a: Device Recharging, Burn Spellbooks, Berserk, Trog's Hand, Brothers in Arms,
Renounce Religion


You were in the Dungeon.
You worshipped Trog.
Trog was greatly pleased with you.
You were not hungry.

You visited 1 branch

Inventory:

Hand weapons
 a - a +0 falchion (weapon)
Armour
 b - a +0 animal skin (worn)
Magical devices
 c - a wand of heal wounds (5)
Scrolls
 j - a scroll of blinking
Potions
 e - a potion of curing
 f - a potion of heal wounds
 g - a potion of haste
 h - 2 potions of magic
 i - a potion of berserk rage
Comestibles
 d - a bread ration


   Skills:
 + Level 5.1 Fighting
 * Level 6.8 Long Blades
 + Level 5.0 Armour
 + Level 5.1 Dodging


You had 3 spell levels left.
You didn't know any spells.

Dungeon Overview and Level Annotations

Branches:
Dungeon (1/1)

Altars:


Innate Abilities, Weirdness & Mutations

You are resistant to damage.
You can recharge devices by infusing magical energy.
You passively map a small area around you.
You do not heal naturally.


Message History

Your Long Blades skill increases to level 6!
Your Armour skill increases to level 5!
Your Dodging skill increases to level 5!
You have reached level 4!
You feel stronger.
You slash the jelly!
Your hands burn!
* * * LOW HITPOINT WARNING * * *
The jelly is heavily wounded.
You hear a slurping noise.
The jelly hits you.
* * * LOW HITPOINT WARNING * * *
You are splashed with acid!
The acid corrodes you!
The acid burns!
* * * LOW HITPOINT WARNING * * *
You hit the jelly.
Your hands burn!
* * * LOW HITPOINT WARNING * * *
The jelly is severely wounded.
You completely miss the jelly.
The jelly is severely wounded.
The jelly hits you.
You are splashed with acid!
The acid burns!
You die...

* *
▓▓▓▓▓▓▓▓▓▓▓▓▓▓▓▓▓▓▓
_
+...J@(....)'....<▓
▓▓▓▓▓▓▓▓▓▓▓▓▓▓▓▓▓▓▓
, , * * * * ,* , +
,,, * * * * * , , *
* * * * * ,, + , ,,


You could see a jelly.

Vanquished Creatures
  A centaur (D)
  An orc wizard (D)
  A worker ant (D)
  A giant gecko (D)
  An orc (D)
  2 goblins (D)
  A hobgoblin (D)
  A rat (D)
9 creatures vanquished.

Notes
Turn   | Place    | Note
--------------------------------------------------------------
     0 | D        | tt080 the Deep Dwarf Berserker began the quest for the Orb.
     0 | D        | Reached XP level 1. HP: 20/20 MP: 1/1
    11 | D        | Acquired Trog's second power
    22 | D        | Noticed a jelly
    22 | D        | Noticed a centaur
    22 | D        | Noticed a worker ant
    22 | D        | Noticed an orc wizard
    25 | D        | Killed an orc wizard
    25 | D        | Reached skill level 4 in Fighting
    25 | D        | Reached XP level 2. HP: 27/30 MP: 2/2
    25 | D        | Reached XP level 3. HP: 32/36 MP: 3/3
    28 | D        | Reached skill level 5 in Long Blades
    30 | D        | Killed a worker ant
    36 | D        | Killed a centaur
    36 | D        | Acquired Trog's third power
    36 | D        | Reached skill level 5 in Fighting
    36 | D        | Reached skill level 6 in Long Blades
    36 | D        | Reached skill level 5 in Armour
    36 | D        | Reached skill level 5 in Dodging
    36 | D        | Reached XP level 4. HP: 19/46 MP: 4/4
    39 | D        | Splashed by a jelly's acid

Vault maps used:
D:        linesprint

Action                   |  1- 3 |  4- 6 || total
-------------------------+-------+-------++-------
Melee: Falchion          |    22 |     3 ||    25
Invok: Berserk           |     1 |       ||     1
